 Dungeon Crawl Stone Soup version 0.27-a0-1525-g1038ab4fd7 (webtiles) character file.

Game seed: 1597561542314604429

165 nyamberluvr69 the Slasher (level 5, 0/57 HPs)
             Began as an Octopode Berserker on July 11, 2021.
             Was a Believer of Trog.
             Killed by nerve-wracking pain
             ... invoked by Grinder
              (7 damage)
             ... while paralysed by Grinder
             ... on level 3 of the Dungeon.
             The game lasted 00:02:48 (2480 turns).

nyamberluvr69 the Slasher (Octopode Berserker)      Turns: 2480, Time: 00:02:48

Health: 0/57       AC:  1    Str: 16    XL:     5   Next: 46%
Magic:  5/5        EV:  2    Int: 10    God:    Trog [**....]
Gold:   77         SH:  0    Dex: 12    Spells: 4/4 levels left

rFire    . . .     SeeInvis .   o - +1 long sword (venom)
rCold    . . .     Faith    .   (no shield)
rNeg     . . .     Spirit   .   (helmet restricted)
rPois    .         Reflect  .   (no amulet)
rElec    .         Harm     .   (no ring)
rCorr    .         Rampage  .   (no ring)
Will     .....                  (no ring)
Stlth    ..........             (no ring)
HPRegen  0.19/turn              (no ring)
MPRegen  0.09/turn              (no ring)
                                (no ring)
                                (no ring)

@: paralysed, berserking (expiring)
A: almost no armour, amphibious, 8 rings, camouflage 1, gelatinous body 1,
(nimble swimmer 1), tentacles
a: Renounce Religion, Berserk, Trog's Hand


You were on level 3 of the Dungeon.
You worshipped Trog.
Trog was pleased with you.
You visited 1 branch of the dungeon, and saw 3 of its levels.

You collected 77 gold pieces.

Inventory:

Hand Weapons
 a - a +0 falchion
 o - a +1 long sword of venom (weapon)
Missiles
 h - 6 atropa-tipped darts (quivered)
Jewellery
 e - a ring of positive energy
 i - a +4 ring of protection
Scrolls
 b - 6 scrolls of identify {unknown}
 d - a scroll of magic mapping {unknown}
 g - a scroll of fog {unknown}
 j - a scroll of teleportation {unknown}
Potions
 c - 2 potions of haste {unknown}
 f - 3 potions of curing {unknown}
 k - a potion of heal wounds {unknown}
 l - a potion of brilliance {unknown}
 m - 2 potions of might {unknown}
 n - a potion of mutation {unknown}


   Skills:
 + Level 4.7 Fighting
 + Level 4.7 Long Blades
 - Level 3.0 Dodging


You had 4 spell levels left.
You didn't know any spells.
Your spell library was empty.

Dungeon Overview and Level Annotations

Branches:
Dungeon (3/15)

Altars:

Shops:
D:1 =   D:3 (

Annotations:
D:3 Grinder


Innate Abilities, Weirdness & Mutations

You cannot wear most types of armour.
You are amphibious.
You can wear up to eight rings at the same time.
Your skin changes colour to match your surroundings (Stealth+).
Your rubbery body absorbs attacks. (AC +1, EV +1)
((You are camouflaged near water. (Stealth+)))
You have tentacles for arms and can constrict up to eight enemies at once.


Message History

You constrict Grinder. Grinder hits you.
You hit Grinder.
Grinder is moderately wounded.
You constrict Grinder, but do no damage.
Grinder barely misses you.
You hit Grinder but do no damage. You squeeze Grinder.
Grinder is moderately wounded.
You constrict Grinder. Grinder gestures at you.
You suddenly lose the ability to move!
You lose your grip on Grinder.
Grinder hits you! Grinder hits you.
* * * LOW HITPOINT WARNING * * *
You writhe in agony.
* * * LOW HITPOINT WARNING * * *
Grinder completely misses you.
You can move again.
Unknown command.
A red film seems to cover your vision as you go berserk!
You feel yourself moving faster!
You feel mighty! Grinder hits you.
* * * LOW HITPOINT WARNING * * *
You writhe in agony.
* * * LOW HITPOINT WARNING * * *
You closely miss Grinder. You grab Grinder.
Grinder is moderately wounded.
You constrict Grinder. Grinder closely misses you.
You riposte.
You barely miss Grinder. You squeeze Grinder.
Grinder is heavily wounded.
You slash Grinder!
Grinder is poisoned.
Grinder is severely wounded.
You constrict Grinder.
Grinder says, "DUCK!"
Grinder blinks free!
You feel a strong urge to attack something.
Grinder gestures at you.
You suddenly lose the ability to move!
Grinder blinks!
Grinder gestures at you. Pain shoots through your body!
You die...

############## ##
####............## ..
.................. ##.#
#.#.............## ...# ##
#§#.......).....# #.. .#
#.#.............## #.# .#
#@#..............# #.# .###
#.#..............# ###.######....
#5#..............# ............
#.#.#####........#
###.##.##.######.#.##...........#
..#..............#.##......######
#........#..†#####.##....).#
#........#...# #.##...(..#
#..:.....##..#####.##......#


You could see Grinder (very poisoned).

Vanquished Creatures
  3 adders
  8 gnolls
  A worm (D:2)
  A dart slug (D:3)
  An orc (D:2)
  4 endoplasms
  2 giant cockroaches
  5 goblins
  5 hobgoblins
  4 jackals (D:2)
  3 quokkas
  3 ball pythons (D:1)
  5 bats
  4 frilled lizards
  3 kobolds
  10 rats
62 creatures vanquished.

Notes
Turn   | Place    | Note
-------+----------+-------------------------------------------
     0 | D:1      | nyamberluvr69 the Octopode Berserker began the quest for
                  | the Orb.
     0 | D:1      | Reached XP level 1. HP: 16/16 MP: 1/1
   187 | D:1      | Reached XP level 2. HP: 21/21 MP: 2/2
   592 | D:1      | Found Tabeazum's Jewellery Shoppe.
   616 | D:1      | Reached XP level 3. HP: 20/26 MP: 3/3
   859 | D:2      | Reached ** piety under Trog
   917 | D:2      | Found a faded altar of an unknown god.
  1211 | D:2      | Reached XP level 4. HP: 33/33 MP: 4/4
  1971 | D:3      | Reached XP level 5. HP: 31/38 MP: 5/5
  2122 | D:3      | Found Muutac's Antique Weapon Shop.
  2463 | D:3      | Noticed Grinder
  2470 | D:3      | Paralysed by Grinder for 4 turns
  2478 | D:3      | Paralysed by Grinder for 7 turns
  2480 | D:3      | Killed from afar by Grinder

Illustrated notes

Levels and vault maps discovered:
D:1:      amcnicky_arrival_feature_with_door, layout_basic, serial_shops, shop
D:2:      minmay_door_path, layout_rooms,
          hellmonk_ecumenical_altar_pennies_from_heaven
D:3:      layout_basic, serial_shops, nicolae_diamond_shop, uniq_grinder

Skill      XL: |  1  2  3  4 |
---------------+-------------+-----
Fighting       | 4 |  4.7
Long Blades    | 4 |  4.7
Dodging        | |  3.0

Action                   |  1- 3 |  4- 6 || total
-------------------------+-------+-------++-------
Melee: Falchion          |    58 |    45 ||   103
       Constrict         |    16 |    18 ||    34
       Tentacles         |     8 |    11 ||    19
       Long sword        |       |     7 ||     7
Invok: Berserk           |     1 |     3 ||     4
 Stab: Sleeping          |     8 |     3 ||    11
Armor: Skin              |     5 |     3 ||     8
Dodge: Dodged            |    39 |    25 ||    64
       Rpst.: Falchion   |    13 |     5 ||    18
       Long sword        |       |     2 ||     2

Table legend: (Time is in decaauts)
 A = Elapsed time spent in this place.
 B = Non-inter-level travel time spent in this place.
 C = Inter-level travel time spent in this place.
 D = Time resting spent in this place.
 E = Time spent auto-exploring this place.
 F = Levels seen in this place.
 G = Mean time per level.
                   A        B        C        D        E       F      G
               +--------+--------+--------+--------+--------+-----+--------+
         Total |   2510 |   2454 |     56 |    353 |   1779 |   3 |  836.7 |
       Dungeon |   2510 |   2454 |     56 |    353 |   1779 |   3 |  836.7 |
               +--------+--------+--------+--------+--------+-----+--------+

Top non-repeatable levels by time:
     D:2: 911 daAuts
     D:1: 830 daAuts
     D:3: 768 daAuts
